woodfighter, chaotic female elven Rogue --------------- |..............i |aa.a%.....@..| +..a......ZaI.| -------------.- woodfighter the Cutpurse Experience level: 4 Strength: 15 Dexterity: 14 Constitution: 14 Intelligence: 12 Wisdom: 10 Charisma: 10 Health: 0(28) Energy: 20(20) Def: 2 Gold: 676 Moves: 1881 Dungeon seed: 7OOmSFgx3iGewcut Game ID: woodfighter_1515947681 Your Inventory: Coins $ - 676 gold pieces Weapons a - a blessed +7 long sword named Sword of Yendor (weapon in hand) b - 10 +0 elven daggers (in quiver) r - a blessed +0 elven short sword Armor e - an uncursed burnt +1 leather armor (being worn) n - an uncursed +0 orcish helm q - a cursed -2 pair of jumping boots Comestibles i - 4 uncursed food rations u - an uncursed lichen corpse H - an uncursed eucalyptus leaf O - an uncursed tripe ration P - an uncursed tin of sewer rat meat S - an uncursed magic bean Scrolls k - an uncursed scroll of scare monster Potions Z - an uncursed potion of oil Rings p - a cursed -2 ring of increase damage K - an uncursed ring of protection from shape changers Wands h - a wand of opening (0:3) l - a cursed wand of digging (0:7) o - a cursed wand of polymorph (0:6) t - a cursed wand of magic missile (0:7) v - a cursed wand of opening (0:3) w - a cursed wand of teleportation (0:5) Tools g - an uncursed blindfold m - a bag of tricks (0:4) s - an uncursed sack y - an uncursed lock pick Contents of the sack: a [uncursed] scroll of scare monster a [uncursed] spellbook of remove curse a [uncursed] potion of confusion a [uncursed] potion of extra healing an uncursed potion of sickness Spells and supernatural/magical abilities: Name Level Category Fail Memory W - pray for help -- divine ? -- Your skills at the end: Miscellaneous Skills wands [Basic] Weapon Skills dagger [Basic] short sword [Basic] Spellcasting Skills Final Attributes: You were piously aligned. You were fire resistant. You were sleep resistant. You were telepathic. You had infravision. You were stealthy. You are dead. Vanquished creatures: a gray ooze a floating eye 2 iguanas a rothe 4 orc zombies a werejackal a hobbit 2 acid blobs 2 geckos 4 giant rats a yellow mold 3 red molds 3 jackals a kobold 4 newts a goblin 2 grid bugs 2 lichens 36 creatures vanquished. Voluntary challenges: You did not adorn yourself with jewelry or accessories. You did not cause conflict. You were not invisible. You did not have reflection. You were not displaced. You were an atheist. You used a wielded weapon 26 times, starting on turn 1. You did not apply a unicorn horn. You did not use plumbed fixtures. You did not drink any magical draughts. You were illiterate. You never genocided any monsters. You never polymorphed an object. You never changed form. You used no wishes. You never split a pudding. You never wrote Elbereth's name. You never violated your personal moral code. Dungeon overview: The Dungeons of Doom: levels 1 to 7 Level 1 a long staircase Level 2 a weapon shop, a fountain Level 3 some fountains Level 4 a fountain stairs to The Gnomish Mines Level 5 a fountain Level 6 Level 7 <- You were here The Gnomish Mines: Level 5 stairs to The Dungeons of Doom History has recorded: On T:1 you entered the Dungeons of Doom to retrieve the Amulet of Yendor! On T:138 you reached level 2 of The Dungeons of Doom. On T:383 you reached level 3 of The Dungeons of Doom. On T:952 you advanced to experience level 2. On T:990 you reached level 4 of The Dungeons of Doom. On T:1208 you advanced to experience level 3. On T:1362 you reached level 5 of The Dungeons of Doom. On T:1414 you reached level 1 of The Gnomish Mines. On T:1534 you advanced to experience level 4. On T:1639 you reached level 6 of The Dungeons of Doom. On T:1881 you reached level 7 of The Dungeons of Doom. Score breakdown: Gold: 676 ( 67 points) Experience: 4 levels ( 300 points) Exploration: 7 levels ( 180 points) Discoveries: 13 items ( 650 points) Variety of kills: 18 monsters ( 900 points) Major goal: (nothing yet) ( 0 points) Survival: died (score multiplied by 3) Total score: 6291 Latest messages: You finish eating the gray ooze corpse. You feel a momentary chill. You see here a food ration. i - a food ration. You stop. Kitty is in the way! You displace kitty. You stop. Kitty is in the way! You displace kitty. You stop exploring. k - a scroll labeled READ ME. You kill the red mold! You stop. Kitty is in the way! l - a crystal wand. o - a forked wand. p - a bronze ring. t - a steel wand. v - a wand of opening. w - a runed wand. $ - 29 gold pieces. There is a staircase up here. There are many more objects here. Something touches you! The ghoul scratches you! (2x) The soldier ant bites! The soldier ant stings! The soldier ant bites! You die... Final status: Goodbye woodfighter the Rogue, killed by a soldier ant... You died in The Dungeons of Doom on dungeon level 7 with 6291 points, and 676 pieces of gold, after 1881 moves. You were level 4 with a maximum of 28 hit points when you died.